AoeStats
← Coyunto90

Glade

510585527Analyzed
1v1 RM · 9h ago on Oct 1, 2026· 71m 24s· 2 players
Game mode
Random Map
Map size
Tiny (2 player)
Population
200
Speed
Normal
Resources
Standard
Victory
Conquest
Starting age
Dark Age
Ending age
Imperial Age
RankedLock teamsTeams togetherTeam positionsShared explorationLock speedFull tech treeHidden civsTurbo modeCheats
Victory
Defeat
🇪🇸 Bulgarians · Spain
1120
+17
🇹🇷 Vikings · Türkiye
1138
-17
Coyunto90
3:19 Loom
11:47 Feudal Age
18:25 Castle Age
16:47 Double-Bit Axe
20:21 Bow Saw
24:01 Scale Mail Armor
24:15 Fletching
26:23 Horse Collar
26:36 Gambesons
28:35 Squires
29:04 Chain Mail Armor
30:09 Bodkin Arrow
33:21 Forging
36:49 Heavy Plow
39:58 Stirrups
42:51 Imperial Age
42:16 Murder Holes
42:42 Ballistics
42:49 Scale Barding Armor
43:30 Masonry
44:17 Chain Barding Armor
44:08 Forging
43:20 Light Cavalry
44:11 Bloodlines
44:45 Stirrups
45:49 Husbandry
46:51 Crop Rotation
45:44 Hussar
47:03 Plate Barding Armor
48:11 Wheelbarrow
48:25 Iron Casting
47:14 Elite Skirmisher
49:59 Blast Furnace
49:13 Bracer
49:41 Capped Ram
50:46 Siege Ram
52:33 Plate Mail Armor
56:20 Town Watch
60:07 Padded Archer Armor
61:03 Hand Cart
62:02 Leather Archer Armor
62:59 Guard Tower
64:10 Chemistry
62:34 Onager
66:47 Arson
67:48 Architecture
67:24 Siege Engineers
69:11 Siege Onager
maestro_006
10:14 Feudal Age
10:48 Double-Bit Axe
12:13 Man-at-Arms
17:55 Scale Mail Armor
17:44 Arson
21:44 Castle Age
20:11 Forging
20:01 Loom
20:03 Town Watch
20:55 Fletching
22:21 Horse Collar
22:24 Crossbowman
23:34 Squires
23:59 Padded Archer Armor
23:57 Bodkin Arrow
28:39 Chain Mail Armor
27:50 Long Swordsman
28:50 Pikeman
32:52 Padded Archer Armor
36:45 Heavy Plow
42:11 Imperial Age
41:25 Iron Casting
41:17 Leather Archer Armor
43:28 Conscription
44:10 Plate Mail Armor
48:37 Hoardings
53:04 Chieftains
53:19 Capped Ram
56:04 Blast Furnace
55:05 Bracer
69:15 Two-Handed Swordsman
Connection lost

Rejoining the realm…

Still unreachable

The connection could not be restored.

Session expired

The server has moved on; the page needs a fresh start.